 Dungeon Crawl Stone Soup version 0.22-a0-525-gf69a080 (webtiles) character file.

4 GameOver the Sneak (level 1, -1/15 HPs)
             Began as a Naga Wizard on June 21, 2018.
             Slain by a kobold (4 damage)
             ... on level 1 of the Dungeon.
             The game lasted 00:01:16 (71 turns).

GameOver the Sneak (Naga Wizard)                      Turns: 71, Time: 00:01:17

Health: -1/15      AC:  1    Str:  9    XL:     1   Next: 60%
Magic:  2/4        EV: 10    Int: 18    God:
Gold:   0          SH:  0    Dex:  9    Spells: 5/6 levels left

rFire    . . .     SeeInvis +   (no weapon)
rCold    . . .     Gourm    .   (no shield)
rNeg     . . .     Faith    .   a - +0 robe
rPois    +         Spirit   .   b - +0 hat
rElec    .         Reflect  .   (no cloak)
rCorr    .         Harm     .   (no gloves)
MR       .....                  (no barding)
Stlth    ++........             (no amulet)
HPRegen  0.05/turn              (no ring)
MPRegen  0.09/turn              (no ring)

@: very slow
A: large, see invisible, deformed body, poison resistance, slowness 2, slow
metabolism 1, spit poison 1, AC +0
a: Spit Poison


You were on level 1 of the Dungeon.
You were not hungry.

You visited 1 branch of the dungeon, and saw 1 of its levels.

Inventory:

Armour
 a - a +0 robe (worn)
 b - a +0 hat (worn)
Comestibles
 d - a ration


   Skills:
 - Level 1.5 Dodging
 - Level 3.0 Stealth
 - Level 3.0 Spellcasting
 + Level 1.6 Conjurations
   Level 1.0 Summonings
   Level 1.0 Translocations


You had 5 spell levels left.
You knew the following spells:

 Your Spells              Type           Power        Failure   Level  Hunger
a - Magic Dart            Conj           #...         9%          1    None

Your spell library contained the following spells:

 Spells                   Type           Power        Failure   Level  Hunger
 Conjure Flame            Conj/Fire      #.......     34%         3    ###....
 Slow                     Hex            #.......     24%         2    ##.....
 Mephitic Cloud           Conj/Pois/Air  #.......     36%         3    ###....
 Blink                    Tloc           N/A          16%         2    ##.....
 Call Imp                 Summ           #.......     16%         2    ##.....


Dungeon Overview and Level Annotations

Branches:
Dungeon (1/15)

Altars:


Innate Abilities, Weirdness & Mutations

You cannot wear boots.
Your serpentine skin is tough. (AC +0)
You have supernaturally acute eyesight. (SInv)
Armour fits poorly on your strangely shaped body.
Your system is resistant to poisons. (rPois)
You cover ground very slowly.
You have a slow metabolism.
You can spit poison.


Message History

You fail to use your ability.
The jackal bites you. The jackal closely misses you.
Press: ? - help, Shift-Dir - straight line, f/p - kobold
Aim: a kobold The splash of poison hits the jackal.
The jackal is poisoned.
The jackal is severely wounded.
You feel slightly more hungry.
The octopode shouts!
The jackal barely misses you. The jackal bites you.
* * * LOW HITPOINT WARNING * * *
You have got your breath back.
The minotaur bellows!
The jackal closely misses you.
Your magical contamination has completely faded away.
You kill the jackal!
Press: ? - help, Shift-Dir - straight line, f/p - kobold
Aim: a kobold You fail to use your ability.
The kobold hits you.
You die...

#h#.#a# ###.###
#p#.#p# ###.###
#Q#.#d# ###.###
#6#.#9# ###.###
#e#@#H# ###K###
#.#†#x# #
###'######.#
#.###....#
#.#...##.#
..######........#
.................
..######........#


You could see a minotaur, an elf and a kobold.

Vanquished Creatures
  A hobgoblin (D:1)
  2 jackals (D:1)
3 creatures vanquished.

Notes
Turn   | Place    | Note
-------+----------+-------------------------------------------
     0 | D:1      | GameOver the Naga Wizard began the quest for the Orb.
     0 | D:1      | Reached XP level 1. HP: 15/15 MP: 4/4
     2 | D:1      | Noticed a ghoul
     2 | D:1      | Noticed a centaur
     4 | D:1      | Noticed a dwarf
     6 | D:1      | Noticed an ogre
     8 | D:1      | Noticed a naga
     8 | D:1      | Noticed a spriggan
    10 | D:1      | Noticed a vine stalker
    10 | D:1      | Noticed a demigod
    12 | D:1      | Noticed a vampire
    12 | D:1      | Noticed a merfolk
    14 | D:1      | Noticed a troll
    16 | D:1      | Noticed a felid
    16 | D:1      | Noticed a formicid
    18 | D:1      | Noticed a halfling
    18 | D:1      | Noticed a human
    20 | D:1      | Noticed a tengu
    20 | D:1      | Noticed a draconian
    22 | D:1      | Noticed a demonspawn
    22 | D:1      | Noticed a gargoyle
    24 | D:1      | Noticed an elf
    24 | D:1      | Noticed a minotaur
    26 | D:1      | Noticed an octopode
    71 | D:1      | Slain by a kobold

Vault maps used:
D:1:      kb_arrival_jail, roderic_lattice_a, minmay_split_cup_small

Action                   || total
-------------------------++-------
 Cast: Magic Dart        ||     3
 Abil: Spit Poison       ||     6
Armor: Robe              ||     2
Dodge: Dodged            ||    10

Table legend:
 A = Spawn XP
 B = Non-spawn XP
 C = Spawn XP percentage of total XP
 D = Spawn monster count
 E = Non-spawn monster count
 F = Spawn count percentage of total count
 G = Total turns spent on level
                    A         B        C        D         E        F      G
               +---------+---------+-------+---------+---------+-------+---------
         Total |       0 |       6 |   0.0 |       0 |       3 |   0.0 |    71
               +---------+---------+-------+---------+---------+-------+---------
           D:1 |       0 |       6 |   0.0 |       0 |       3 |   0.0 |    71
               +---------+---------+-------+---------+---------+-------+---------
